 Dungeon Crawl Stone Soup version 0.29.1-15-g9cfb28693d (webtiles) character file.

Game seed: 9736025298258446062

79 FaviusArthum the Trooper (level 4, -2/28 HPs)
             Began as a Deep Elf Abyssal Knight on Aug 31, 2023.
             Was a Priest of Lugonu.
             Slain by Crazy Yiuf
             ... wielding a +2 quarterstaff of chaos
              (4 damage)
             ... on level 3 of the Dungeon.
             The game lasted 00:12:11 (4491 turns).

FaviusArthum the Trooper (Deep Elf Abyssal Knight)  Turns: 4491, Time: 00:12:11

Health: -2/28      AC: 12    Str: 12    XL:     4   Next: 16%
Magic:  3/9        EV:  6    Int: 12    God:    Lugonu [***...]
Gold:   91         SH:  0    Dex: 15    Spells: 7/7 levels left

rFire   . . .      SeeInvis .   h - +1 long sword (holy)
rCold   . . .      Faith    .   (no shield)
rNeg    + . .      Spirit   .   l - +0 chain mail
rPois   .          Reflect  .   (no helmet)
rElec   .          Harm     .   (no cloak)
rCorr   .          Rampage  .   d - +3 Mad Mage's Maulers {Infuse+∞ RegenMP Int-3}
Will    .....                   (no boots)
Stlth   ..........              (no amulet)
HPRegen 0.09/turn               f - ring of positive energy
MPRegen 0.51/turn               (no ring)

@: no status effects
A: no striking features
a: Renounce Religion, Depart the Abyss, Bend Space, Banish


You were on level 3 of the Dungeon.
You worshipped Lugonu.
Lugonu was most pleased with you.
You visited 1 branch of the dungeon, and saw 3 of its levels.
You visited the Abyss 1 time.

You collected 91 gold pieces.

Inventory:

Hand Weapons
 a - a +1 spectral falchion
 h - a +1 long sword of holy wrath (weapon)
 q - the +4 lajatang "Giq Xipp" {freeze, rElec Will+++ rCorr MP+9}
   (You acquired it on level 2 of the Dungeon)

   It freezes those it strikes, dealing additional cold damage.
   It can also slow down cold-blooded creatures.
   rElec:     It insulates you from electricity.
   MP:        It affects your magic capacity (+9).
   rCorr:     It protects you from acid and corrosion.
   Will:      It greatly increases your willpower.
Missiles
 c - 6 javelins
 o - 4 poisoned darts
Armour
 b - a +0 leather armour
 d - the +3 Mad Mage's Maulers (worn) {Infuse+∞ RegenMP Int-3}
   (You acquired it on level 3 of the Dungeon)

   It empowers its wearer's blows with all of their magic.
   It causes its wearer's magical reserves to regenerate more quickly.
   Int:       It affects your intelligence (-3).
 l - a +0 chain mail (worn)
Jewellery
 f - a ring of positive energy (left hand)
 p - a ring of protection from cold
Scrolls
 e - 3 scrolls of identify
 g - a scroll of noise {unknown}
 k - a scroll of vulnerability
Potions
 j - a potion of invisibility


   Skills:
 + Level 3.0 Fighting
 + Level 2.1 Long Blades
 + Level 0.2 Staves
 * Level 1.7 Armour
 + Level 2.6 Dodging
 * Level 2.1 Spellcasting
 + Level 2.1 Invocations


You had 7 spell levels left.
You didn't know any spells.
Your spell library was empty.

Dungeon Overview and Level Annotations

Branches:
Dungeon (3/15)

Altars:
Xom

Annotations:
D:3 Crazy Yiuf


Message History

You kill the orc!
Lugonu accepts your kill.
You start resting.
Magic restored.
You start waiting.
Done waiting.
Items here: ))) ††.
Found a stone staircase leading up.
There is a stone staircase leading up here.
There is a stone staircase leading up here.
Crazy Yiuf shouts!
You open the door. You barely miss Crazy Yiuf.
Crazy Yiuf hits you with a +2 quarterstaff of chaos.
You resist with some effort.
You slash Crazy Yiuf!
Crazy Yiuf is heavily wounded.
Crazy Yiuf hits you but does no damage.
You are poisoned.
You slash Crazy Yiuf!
Crazy Yiuf is almost dead.
You feel sick.
Crazy Yiuf hits you with a +2 quarterstaff of chaos.
You are confused.
You bump into the stone wall.
You feel sick. Crazy Yiuf barely misses you.
You bump into the tree.
You feel sick.
Crazy Yiuf hits you with a +2 quarterstaff of chaos.
Crazy Yiuf freezes you.
You bump into the tree.
You feel less confused.
You feel sick. Crazy Yiuf hits you but does no damage.
You barely miss Crazy Yiuf.
Crazy Yiuf is almost dead.
You feel sick.
You are no longer poisoned.
Crazy Yiuf laughs, "Iron forty-two blue!"
Crazy Yiuf hits you with a +2 quarterstaff of chaos!
* * * LOW HITPOINT WARNING * * *
Crazy Yiuf freezes you.
You die...

#.# #.....##. ###
#........ ##....###
##### ##.#.# #..)#
######.#.# #...#
#........# ...
######.#.### #g#
##.#..>. ♣♣@♣
#....... ♣.♣♣
#....... ♣♣.♣
#####.##.### ♣.♣♣
#.....##[### ♣♣.♣♣
#####.##.... ♣...♣♣
#.####.. ♣....♣
#.####.# #....#
#....[.#
##..#########.######


You could see Crazy Yiuf.

Vanquished Creatures
  4 adders
  3 orcs (D:3)
  3 ball pythons
  6 endoplasms
  4 hobgoblins
  5 kobolds
  2 quokkas
  2 bats (D:1)
  4 frilled lizards
  A goblin (D:3)
  4 rats
38 creatures vanquished.

Notes
Turn   | Place    | Note
-------+----------+-------------------------------------------
     0 | Abyss:1  | FaviusArthum the Deep Elf Abyssal Knight began the quest
                  | for the Orb.
     0 | Abyss:1  | Reached XP level 1. HP: 13/13 MP: 4/4
     1 | D:1      | Escaped the Abyss
   351 | D:1      | Reached XP level 2. HP: 14/18 MP: 5/5
  1456 | D:2      | Reached skill level 1 in Armour
  1456 | D:2      | Reached skill level 1 in Spellcasting
  1461 | D:2      | Found a shimmering altar of Xom.
  1497 | D:2      | Reached XP level 3. HP: 10/22 MP: 6/6
  2889 | D:2      | Found a faded altar of an unknown god.
  2959 | D:2      | Identified 2 scrolls of acquirement
  2959 | D:2      | Acquired the +4 lajatang "Giq Xipp" {freeze, rElec Will+++
                  | rCorr MP+9}
  3614 | D:3      | HP: 1/22 [adder (1)]
  3620 | D:3      | Reached *** piety under Lugonu
  3621 | D:3      | Reached skill level 3 in Fighting
  3621 | D:3      | Reached XP level 4. HP: 14/28 MP: 9/9
  3879 | D:3      | Acquired the +3 Mad Mage's Maulers {Infuse+∞ RegenMP Int-3}
  3879 | D:3      | Found the +3 Mad Mage's Maulers {Infuse+∞ RegenMP Int-3}
  4039 | D:3      | Found a runed translucent door.
  4040 | D:3      | Noticed Crazy Yiuf
  4491 | D:3      | Slain by Crazy Yiuf

Illustrated notes

Levels and vault maps discovered:
D:1:      psy_arrival_dodecagon, layout_basic, serial_forest,
          infiniplex_forest_diagonal, infiniplex_forest_clump_small,
          infiniplex_forest_diagonal, infiniplex_forest_straight_4,
          infiniplex_forest_lined_room_2, infiniplex_forest_corner_1,
          infiniplex_forest_diagonal
D:2:      layout_loops_ring, basic_altar, dreamdust_ecumenical_altar_statues
D:3:      layout_loops_ring, lemuel_blue_sif_altar, uniq_crazy_yiuf_cottage

Skill      XL: |  1  2  3 |
---------------+----------+-----
Long Blades    | 2 |  2.1
Armour         | 1 |  1.7
Spellcasting   | 1 2 |  2.1
Fighting       | 3 |  3.0
Staves         | |  0.2
Dodging        | |  2.6
Invocations    | |  2.1

Action                   |  1- 3 |  4- 6 || total
-------------------------+-------+-------++-------
Melee: Falchion          |    25 |       ||    25
       Long sword        |    65 |    17 ||    82
       Lajatang          |    23 |       ||    23
  Use: Scroll            |     8 |     2 ||    10
       Potion            |     6 |       ||     6
Armor: Leather armour    |    21 |       ||    21
       Chain mail        |    47 |     9 ||    56
Dodge: Dodged            |    67 |     3 ||    70
